AoeStats
← |GaoeG| flamingo

QS Arena

503568563Analyzed
1v1 RM · 1mo ago on Sep 1, 2026· 36m 26s· 2 players
Game mode
Random Map
Map size
Tiny (2 player)
Population
200
Speed
Normal
Resources
Standard
Victory
Conquest
Starting age
Dark Age
Ending age
Imperial Age
RankedLock teamsTeams togetherTeam positionsShared explorationLock speedFull tech treeHidden civsTurbo modeCheats
Victory
Defeat
🇪🇸 Spanish · Spain
1409
+15
🇬🇧 Italians · United Kingdom
1383
-15
Undermiracle
7:35 Feudal Age
11:31 Castle Age
9:16 Horse Collar
10:00 Double-Bit Axe
15:44 Loom
17:18 Sanctity
20:35 Gold Mining
24:58 Imperial Age
22:42 Padded Archer Armor
22:57 Fletching
23:48 Leather Archer Armor
23:51 Bodkin Arrow
25:07 Wheelbarrow
26:15 Ballistics
26:55 Chemistry
26:17 Conscription
27:23 Bracer
27:54 Ring Archer Armor
28:39 Hand Cart
30:43 Pirotechnia
30:02 Elite Genoese Crossbowman
30:43 Arrowslits
30:39 Treadmill Crane
32:32 Bow Saw
34:48 Hoardings
|GaoeG| flamingo
8:48 Feudal Age
12:17 Castle Age
10:32 Double-Bit Axe
10:30 Horse Collar
13:25 Bow Saw
14:54 Heavy Plow
21:07 Wheelbarrow
20:20 Loom
21:42 Gold Mining
21:39 Town Watch
22:35 Husbandry
24:05 Hand Cart
24:52 Bloodlines
28:21 Imperial Age
26:26 Elite Skirmisher
27:12 Padded Archer Armor
27:03 Fletching
28:09 Leather Archer Armor
28:31 Ballistics
29:11 Scale Barding Armor
29:17 Forging
29:06 Bodkin Arrow
30:06 Ring Archer Armor
30:39 Chemistry
29:11 Cavalier
30:15 Chain Barding Armor
29:57 Bracer
30:36 Ring Archer Armor
30:19 Thumb Ring
31:39 Conscription
32:18 Plate Barding Armor
33:07 Masonry
33:37 Iron Casting
33:33 Paladin
Connection lost

Rejoining the realm…

Still unreachable

The connection could not be restored.

Session expired

The server has moved on; the page needs a fresh start.